 Dungeon Crawl Stone Soup version 0.31-a0-940-gdaa99269f9 (webtiles) character file.

Game seed: 4350783198358451024

7112 mightbedylan the Fighter (level 10, -4/91 HPs)
             Began as a Minotaur Fighter on Oct 19, 2023.
             Was an Elder of Okawaru.
             Slain by a skyshark (19 damage)
             ... on level 2 of the Lair of Beasts on Oct 20, 2023.
             The game lasted 01:03:31 (9905 turns).

mightbedylan the Fighter (Minotaur Fighter)         Turns: 9905, Time: 01:03:32

Health: -4/91      AC: 21    Str: 25    XL:     10   Next: 85%
Magic:  10/15      EV: 10    Int:  5    God:    Okawaru [****..]
Gold:   473        SH:  6    Dex: 10    Spells: 9/9 levels left

rFire   . . .        D - +3 long sword (heavy)
rCold   . . .        c - +0 buckler
rNeg    . . .        b - +2 scale mail
rPois   .            (helmet restricted)
rElec   .            m - scarf {shadows}
rCorr   .            (no gloves)
SInv    +            w - +2 pair of boots "Ruosod" {SInv}
Will    .....        O - amulet of faith
Stlth   x              - +4 ring of protection
HPRegen 0.35/turn    R - +4 ring of protection
MPRegen 0.14/turn

%: faith
@: finesse-ful
A: horns 2, retaliatory headbutt
a: Renounce Religion, Heroism, Finesse


You were on level 2 of the Lair of Beasts.
You worshipped Okawaru.
Okawaru was greatly pleased with you.
You visited 3 branches of the dungeon, and saw 11 of its levels.
You also visited: Sewer.

You collected 567 gold pieces.
You spent 94 gold pieces at shops.

Inventory:

Hand Weapons
 a - a +0 rapier
 e - a +2 antimagic sling
 g - a +2 hand axe of distortion
 n - a +2 dagger of electrocution
 D - a +3 heavy long sword (weapon)
 I - a +0 short sword of holy wrath
 K - the +3 sling "Livuts" {heavy, rPois rF- Int+5 SInv}
   (You found it on level 7 of the Dungeon)

   Int+5:     It affects your intelligence (+5).
   rF-:       It makes you vulnerable to fire.
   rPois:     It protects you from poison SInv: It lets you see invisible.
 M - a +1 whip of electrocution
Missiles
 y - a throwing net
Armour
 b - a +2 scale mail (worn)
 c - a +0 buckler (worn)
 m - a scarf of shadows (worn)
 w - the +2 pair of boots "Ruosod" (worn) {SInv}
   (You found it on level 4 of the Dungeon)

   SInv:      It lets you see invisible.
 B - a +0 troll leather armour
Jewellery
 q - a ring of see invisible
 x - a +4 ring of protection (left hand)
 A - a ring of fire
 O - an amulet of faith (around neck)
 R - a +4 ring of protection (right hand)
Talismans
 h - a maw talisman
 o - a blade talisman
Wands
 p - a wand of polymorph (6)
 L - a wand of flame (30)
 N - a wand of acid (7)
Scrolls
 k - a scroll of revelation
 l - a scroll of fear
 r - 5 scrolls of teleportation
 t - a scroll of poison
 E - a scroll of blinking {unknown}
 F - 2 scrolls of immolation
 H - a scroll of amnesia {unknown}
 J - a scroll of fog
 Q - a scroll of vulnerability
 S - a scroll of acquirement {unknown}
Potions
 d - 3 potions of might
 f - 3 potions of lignification
 i - a potion of heal wounds
 j - 2 potions of brilliance
 s - 2 potions of haste
 u - a potion of mutation {unknown}
 v - 3 potions of cancellation
 z - 4 potions of curing
 C - a potion of berserk rage
 G - 2 potions of attraction {unknown}
 P - a potion of enlightenment


   Skills:
 + Level 9.4 Fighting
 + Level 8.1 Short Blades
 + Level 9.2 Armour
 + Level 9.2 Shields
 * Level 8.9 Invocations


You had 9 spell levels left.
You didn't know any spells.
Your spell library contained the following spells:

 Spells                   Type           Power      Damage    Failure   Level
 Vhi's Electric Charge    Tloc/Air       0%         N/A       100%        4
 Arcjolt                  Conj/Air       0%         1d10      100%        5
 Plasma Beam              Fire/Air       0%         2x1d10    100%        6


Dungeon Overview and Level Annotations

Branches:
Dungeon (10/15)            Temple (1/1) D:7            Lair (2/5) D:10
  Sewer (visited)
  Swamp: Lair:2-3    Shoals: Lair:2-3     Snake: Lair:2-3    Spider: Lair:2-3
    Orc: D:9-12

Altars:
Ashenzari
Cheibriados
Dithmenos
Elyvilon
Fedhas
Gozag
Hepliaklqana
Kikubaaqudgha
Makhleb
Nemelex Xobeh
Okawaru
Qazlal
Ru
Sif Muna
Trog
Uskayaw
Vehumet
Wu Jian
Xom
Yredelemnul
Zin
The Shining One

Shops:
D:2 *   D:3 *   D:4 *


Innate Abilities, Weirdness & Mutations

You have a pair of horns on your head.
You reflexively headbutt those who attack you in melee.


Message History

The skyshark is moderately wounded.
The skyshark bites you. You block the skyshark's attack.
The skyshark barely misses you.
The skyshark bites you but does no damage.
The skyshark barely misses you. x2
You hit the skyshark.
You headbutt the skyshark, but do no damage.
The skyshark is moderately wounded.
The skyshark bites you. The skyshark tail-slaps you.
The skyshark tail-slaps you but does no damage.
You block the skyshark's attack. The skyshark tail-slaps you.
The skyshark tail-slaps you but does no damage.
The skyshark bites you! You block the skyshark's attack.
The skyshark tail-slaps you.
There are no items here.
The skyshark bites you but does no damage.
The skyshark tail-slaps you but does no damage.
The skyshark barely misses you. The skyshark closely misses you.
You furiously retaliate!
You headbutt the skyshark!
The skyshark tail-slaps you but does no damage. x2
You hit the skyshark but do no damage. You headbutt the skyshark.
The skyshark is heavily wounded.
The skyshark bites you!
* * * LOW HITPOINT WARNING * * *
The skyshark closely misses you. The skyshark misses you.
The skyshark bites you.
* * * LOW HITPOINT WARNING * * *
The skyshark tail-slaps you but does no damage. x2
You can now deal lightning-fast blows.
The skyshark bites you!
* * * LOW HITPOINT WARNING * * *
You block the skyshark's attack.
The skyshark tail-slaps you but does no damage.
The skyshark bites you but does no damage.
The skyshark tail-slaps you but does no damage. x2
You barely miss the skyshark.
You headbutt the skyshark, but do no damage.
The skyshark is heavily wounded.
The skyshark bites you!!
You die...

#.........#####
.............#
.........(.###
.........##
........).# ###
.........## ..#
.........##..##
.......#......#
.........@>.##
#........l##.#
.#......... ..
.##........
#.........
#..........
#...........


You could see a skyshark (berserk).

Vanquished Creatures
  A two-headed ogre (D:10)
  Pikel (D:7)
  A komodo dragon (Lair:1)
  3 trolls
  4 blink frogs (Lair:1)
  8 yaks
  A wyvern (Lair:1)
  A fire bat (Sewer)
  A steam dragon (D:7)
  A water moccasin (Lair:1)
  A sky beast (D:7)
  An orc warrior (D:7)
  A black bear (D:4)
  3 ice beasts
  3 ogres
  A centaur (D:10)
  2 lemures (D:7)
  2 phantoms
  4 kobold brigands (Sewer)
  A bullfrog (D:7)
  2 gnoll sergeants
  5 scorpions
  A howler monkey (D:5)
  A jelly (D:5)
  3 orc priests
  2 gnoll boudas (D:6)
  3 hounds (D:5)
  Ijyb (D:3)
  7 iguanas
  3 sleepcaps
  5 orc wizards
  15 gnolls
  7 adders
  3 river rats (Sewer)
  4 ufetubi
  6 worms
  A dart slug (D:4)
  17 orcs
  8 endoplasms
  5 giant cockroaches
  5 goblins
  5 hobgoblins
  A jackal (D:5)
  2 quokkas
  5 ball pythons
  8 bats
  3 frilled lizards
  5 kobolds
  16 rats
190 creatures vanquished.

Notes
Turn   | Place    | Note
-------+----------+-------------------------------------------
     0 | D:1      | mightbedylan the Minotaur Fighter began the quest for the
                  | Orb.
     0 | D:1      | Reached XP level 1. HP: 19/19 MP: 0/0
   422 | D:1      | Reached XP level 2. HP: 27/27 MP: 1/1
   949 | D:2      | Reached XP level 3. HP: 33/33 MP: 2/2
   953 | D:2      | Found an iron altar of Okawaru.
  1007 | D:2      | Became a worshipper of Warmaster Okawaru
  1285 | D:2      | Found Ygguwuj's Assorted Antiques.
  2080 | D:3      | Found Qugiodgh's Assorted Antiques.
  2088 | D:3      | Bought a scroll of identify for 40 gold pieces
  2202 | D:3      | Noticed Ijyb
  2204 | D:3      | Killed Ijyb
  2205 | D:3      | Reached XP level 4. HP: 41/41 MP: 3/3
  2655 | D:4      | Found a glowing drain.
  2697 | Sewer    | Entered a sewer
  2724 | Sewer    | Noticed a kobold brigand
  2727 | Sewer    | Reached XP level 5. HP: 47/47 MP: 4/4
  2936 | Sewer    | a kobold brigand changed into a fire bat
  2936 | Sewer    | Noticed a fire bat
  2955 | Sewer    | Killed a fire bat
  2955 | Sewer    | Reached * piety under Okawaru
  2956 | Sewer    | Reached skill level 5 in Fighting
  2956 | Sewer    | Reached skill level 5 in Armour
  2956 | Sewer    | Reached skill level 5 in Shields
  2956 | Sewer    | Reached XP level 6. HP: 21/56 MP: 5/5
  3264 | Sewer    | Reached skill level 1 in Invocations
  3344 | Sewer    | Reached XP level 7. HP: 34/61 MP: 5/7
  3710 | D:4      | Found Dejeox's Assorted Antiques.
  3722 | D:4      | Bought a scroll of identify for 54 gold pieces
  4025 | D:4      | Identified the +2 pair of boots "Ruosod" {SInv}
  4158 | D:4      | Found a hazy altar of Hepliaklqana.
  4161 | D:4      | Found an opulent altar of Gozag.
  4163 | D:4      | Found a snail-covered altar of Cheibriados.
  4859 | D:5      | Entered Level 5 of the Dungeon
  5008 | D:5      | Reached skill level 5 in Short Blades
  5014 | D:5      | Reached XP level 8. HP: 69/70 MP: 7/9
  5016 | D:5      | Reached ** piety under Okawaru
  5051 | D:5      | Noticed a troll
  5064 | D:5      | Killed a troll
  5700 | D:5      | Upgraded the game from 0.31-a0-931-g7b59d4eb97 to
                  | 0.31-a0-940-gdaa99269f9
  5703 | D:5      | Reached skill level 5 in Invocations
  6028 | D:6      | Reached *** piety under Okawaru
  6132 | D:6      | Reached XP level 9. HP: 39/79 MP: 12/12
  7053 | D:7      | Identified the +3 sling "Livuts" {heavy, rPois rF- Int+5
                  | SInv}
  7130 | D:7      | Reached **** piety under Okawaru
  7304 | D:7      | Found a staircase to the Ecumenical Temple.
  7337 | Temple   | Entered the Ecumenical Temple
  7446 | D:7      | Noticed Pikel
  7463 | D:7      | Killed Pikel
  7665 | D:7      | You fall into a shaft and drop 3 floors!
  7665 | D:10     | Entered Level 10 of the Dungeon
  7681 | D:10     | Noticed a two-headed ogre
  7692 | D:10     | Killed a two-headed ogre
  7693 | D:10     | Reached XP level 10. HP: 43/90 MP: 12/14
  7845 | D:10     | Found a glowing silver altar of Zin.
  7848 | D:10     | Found a hide-covered altar of Uskayaw.
  7850 | D:10     | Found a stormy altar of Qazlal.
  8497 | D:10     | Found a staircase to the Lair.
  8812 | Lair:1   | Entered Level 1 of the Lair of Beasts
  9378 | Lair:1   | Reached ***** piety under Okawaru
  9893 | Lair:2   | Noticed a skyshark
  9905 | Lair:2   | Slain by a skyshark

Illustrated notes

Levels and vault maps discovered:
D:1:      ebering_trefoil_3fold, layout_basic, eino_curves_01
D:2:      layout_basic, serial_shops, shop, basic_altar
D:3:      layout_loops_cross, serial_shops, shop, st_stairs_12,
          minmay_box_of_dots, uniq_ijyb
D:4:      layout_loops_cross, grunt_temple_overflow_diamond,
          cheibrodos_sewer_entry_sluice, serial_shops,
          nicolae_shop_rolling_square
D:5:      kennysheep_windowed_halls, layout_loops_ring
D:6:      layout_rooms
D:7:      layout_loops_cross, minmay_temple_entry_antechambers,
          kennysheep_small_square, uniq_pikel
D:10:     layout_irregular_city, grunt_temple_overflow_open, lair_entry_dummy
Temple:   nicolae_temple_elliptical
Lair:1:   layout_chaotic_city
Lair:2:   layout_hall_layers, nicolae_snake_entry_warm_welcome

Skill      XL: |  1  2  3  4  5  6  7  8  9 10 |
---------------+-------------------------------+-----
Armour         | 4 5 6 7 8 9 |  9.2
Fighting       | 4 5 6 7 8 9 |  9.4
Shields        | 4 5 6 7 8 9 |  9.2
Short Blades   | 3 4 5 6 7 8 |  8.1
Invocations    | 1 3 5 7 8 |  8.9

Action                     |  1- 3 |  4- 6 |  7- 9 | 10-12 || total
---------------------------+-------+-------+-------+-------++-------
  Melee: Rapier            |    72 |       |       |       ||    72
         Headbutt          |    13 |    13 |    54 |    25 ||   105
         Dagger            |    24 |   117 |    94 |       ||   235
         Long sword        |       |       |   177 |   101 ||   278
   Fire: Sling             |       |       |     2 |       ||     2
 Invoke: Heroism           |       |       |     2 |     3 ||     5
         Finesse           |       |       |       |     2 ||     2
  Evoke: Wand              |       |     1 |       |       ||     1
    Use: Scroll            |     5 |     1 |    10 |     3 ||    19
         Potion            |     1 |     2 |     3 |     2 ||     8
 Armour: Scale mail        |    54 |    50 |   251 |   176 ||   531
  Dodge: Dodged            |    37 |    35 |   137 |    62 ||   271
  Block: Buckler           |    12 |    12 |    91 |    42 ||   157

Table legend: (Time is in decaauts)
 A = Elapsed time spent in this place.
 B = Non-inter-level travel time spent in this place.
 C = Inter-level travel time spent in this place.
 D = Time resting spent in this place.
 E = Time spent auto-exploring this place.
 F = Levels seen in this place.
 G = Mean time per level.
                   A        B        C        D        E       F      G
               +--------+--------+--------+--------+--------+-----+--------+
         Total |  10233 |  10001 |    232 |    987 |   6680 |  12 |  852.8 |
       Dungeon |   7886 |   7685 |    201 |    821 |   5073 |   8 |  985.8 |
        Temple |     79 |     48 |     31 |      0 |      0 |   1 |   79.0 |
          Lair |   1126 |   1126 |      0 |      0 |    944 |   2 |  563.0 |
         Sewer |   1140 |   1140 |      0 |    166 |    663 |   1 | 1140.0 |
               +--------+--------+--------+--------+--------+-----+--------+

Top non-repeatable levels by time:
     D:4: 1228 daAuts
    D:10: 1180 daAuts
     D:5: 1163 daAuts
   Sewer: 1140 daAuts
     D:2: 1122 daAuts
  Lair:1: 1077 daAuts
     D:6: 903 daAuts
     D:1: 819 daAuts
     D:7: 772 daAuts
     D:3: 697 daAuts
  Temple: 79 daAuts
  Lair:2: 48 daAuts
